 Dungeon Crawl Stone Soup version 0.27-a0-1438-g9b7c6745da (webtiles) character file.

Game seed: 15832183183880792659

16957 2tc the Grappler (level 12, 0/116 HPs)
             Began as a Troll Transmuter on July 3, 2021.
             Was the Champion of Okawaru.
             Slain by an azure jelly (8 damage)
             ... in an ice cave on July 4, 2021.
             The game lasted 00:37:43 (10054 turns).

2tc the Grappler (Troll Transmuter)                Turns: 10054, Time: 00:37:43

Health: 0/116      AC:  7    Str: 21    XL:     12   Next: 14%
Magic:  12/15      EV: 14    Int: 13    God:    Okawaru [******]
Gold:   316        SH:  0    Dex: 10    Spells: 4/17 levels left

rFire    x . .     SeeInvis .     - Unarmed
rCold    + + +     Faith    .   (shield currently unavailable)
rNeg     . . .     Spirit   .   (armour currently unavailable)
rPois    +         Reflect  .   (helmet currently unavailable)
rElec    .         Harm     .   (cloak currently unavailable)
rCorr    +         Rampage  .   (gloves unavailable)
Will     .....                  (boots unavailable)
Stlth    +.........             (no amulet)
HPRegen  1.29/turn              B - +4 ring of evasion
MPRegen  0.14/turn              a - ring of resist corrosion

@: ice-form, studying Ice Magic
A: freezing attack, amphibious, boosted hp, large, unfitting armour, (claws 3),
regeneration 1, (shaggy fur 1), (tough skin 1)
a: End Transformation, Renounce Religion, Heroism, Finesse


You were in an ice cave.
You worshipped Okawaru.
Okawaru was exalted by your worship.
You were a creature of crystalline ice.
You visited 3 branches of the dungeon, and saw 13 of its levels.
You also visited: Ice Cave.

You collected 477 gold pieces.
You spent 161 gold pieces at shops.

Inventory:

Missiles
 b - 325 stones
 l - 3 curare-tipped darts
 n - 6 silver javelins
 v - 2 javelins
Armour
 d - a +2 hat of stealth (melded)
 m - a +2 robe of poison resistance (melded)
 u - a +2 robe of the Archmagi
Jewellery
 a - a ring of resist corrosion (right front paw)
 i - an amulet of faith
 A - a ring of magical power
 B - a +4 ring of evasion (left front paw)
Wands
 k - a wand of flame (21)
 r - a wand of iceblast (11)
 s - a wand of mindburst (5)
Scrolls
 c - 3 scrolls of teleportation
 q - 6 scrolls of enchant armour
 x - 3 scrolls of identify
 y - a scroll of enchant weapon
 z - a scroll of brand weapon
Potions
 e - a potion of magic
 f - 2 potions of flight
 g - 5 potions of curing
 h - a potion of lignification {unknown}
 j - a potion of berserk rage {unknown}
 o - 2 potions of mutation {unknown}
 t - 3 potions of ambrosia {unknown}
 w - a potion of brilliance {unknown}


   Skills:
 - Level 0.7 Fighting
 - Level 5.2 Throwing
 + Level 3.1 Dodging
 - Level 10.3 Unarmed Combat
 - Level 3.0 Spellcasting
 - Level 10.0 Transmutations
 - Level 3.0 Ice Magic
 - Level 5.0 Earth Magic
 - Level 5.0 Invocations


You had 4 spell levels left.
You knew the following spells:

 Your Spells              Type           Power      Damage    Failure   Level
a - Beastly Appendage     Tmut           54%        N/A       1%          1
b - Wereblood             Tmut           27%        N/A       1%          2
c - Ice Form              Ice/Tmut       18%        N/A       16%         4
d - Statue Form           Tmut/Erth      14%        N/A       85%         6

Your spell library contained the following spells:

 Spells                   Type           Power      Damage    Failure   Level
 Passwall                 Tmut/Erth      17%        N/A       1%          2
 Sting                    Tmut/Pois      56%        1d5       3%          1
 Spider Form              Tmut/Pois      7%         N/A       9%          3
 Ensorcelled Hibernation  Hex/Ice        10%        N/A       19%         2
 Ozocubu's Armour         Ice            9%         N/A       21%         3
 Corona                   Hex            1%         N/A       22%         1
 Foxfire                  Conj/Fire      4%         2x1d4     22%         1
 Shock                    Conj/Air       4%         1d3       22%         1
 Poisonous Vapours        Pois/Air       2%         N/A       34%         2
 Conjure Flame            Conj/Fire      1%         6-21      56%         3
 Dazzling Flash           Conj/Hex       2%         N/A       56%         3
 Inner Flame              Hex/Fire       1%         N/A       56%         3
 Swiftness                Air            1%         N/A       56%         3
 Tukima's Dance           Hex            1%         N/A       56%         3
 Summon Ice Beast         Ice/Summ       5%         N/A       77%         4
 Airstrike                Air            0%         N/A       92%         4
 Olgreb's Toxic Radiance  Pois           1%         N/A       92%         4
 Metabolic Englaciation   Hex/Ice        2%         N/A       98%         5
 Agony                    Necr           1%         N/A       99%         5
 Fireball                 Conj/Fire      0%         3d3       99%         5
 Freezing Cloud           Conj/Ice/Air   2%         6-21      99%         5
 Iskenderun's Battlesphe  Conj           1%         2d6       99%         5
 Silence                  Hex/Air        0%         N/A       99%         5
 Summon Mana Viper        Hex/Summ       1%         N/A       99%         5
 Conjure Ball Lightning   Conj/Air       0%         3x3d6     100%        6
 Simulacrum               Ice/Necr       2%         N/A       100%        6
 Monstrous Menagerie      Summ           0%         N/A       100%        7
 Orb of Destruction       Conj           0%         N/A       100%        7
 Polar Vortex             Ice            4%         N/A       100%        9


Dungeon Overview and Level Annotations

Branches:
Dungeon (10/15)            Temple (1/1) D:7            Lair (2/6) D:9
  Snake (0/4) Lair:2        IceCv (1/1)
  Swamp: Lair:2-4    Shoals: Lair:2-4       Orc: D:9-12

Altars:
Gozag
Hepliaklqana
Kikubaaqudgha
Okawaru
Qazlal
Sif Muna
Trog
Uskayaw
Xom
The Shining One

Shops:
D:1 [   D:5 *


Innate Abilities, Weirdness & Mutations

You are a creature of crystalline ice.
You have a powerful freezing melee attack.
You are amphibious.
Your maximum health is increased.
Your armour is entirely melded.
You are incapable of wielding weapons or throwing items.
You are too large for most types of armour.
((You have claws for hands.))
Your natural rate of healing is unusually fast.
((You are covered in fur. (AC +1)))
((You have tough skin. (AC +1)))


Message History

The azure jelly hits you! The azure jelly freezes you. You resist.
The azure jelly barely misses you. The azure jelly hits you.
The azure jelly hits you!
You completely miss the azure jelly.
The azure jelly is heavily wounded.
The azure jelly barely misses you. The azure jelly hits you.
The azure jelly freezes you! You resist. The azure jelly closely misses you.
The azure jelly barely misses you.
You hit the azure jelly.
The azure jelly is heavily wounded.
The azure jelly barely misses you. x2; The azure jelly hits you! x2
You hit the azure jelly. You freeze the azure jelly.
The azure jelly is heavily wounded.
The azure jelly hits you!
* * * LOW HITPOINT WARNING * * *
The azure jelly freezes you. You resist.
* * * LOW HITPOINT WARNING * * *
The azure jelly hits you.
* * * LOW HITPOINT WARNING * * *
The azure jelly freezes you. You resist.
* * * LOW HITPOINT WARNING * * *
The azure jelly hits you.
* * * LOW HITPOINT WARNING * * *
The azure jelly hits you.
* * * LOW HITPOINT WARNING * * *
You feel better. The azure jelly closely misses you. The azure jelly hits you!
* * * LOW HITPOINT WARNING * * *
The azure jelly freezes you! You resist.
* * * LOW HITPOINT WARNING * * *
The azure jelly closely misses you. x2
You punch the azure jelly! You freeze the azure jelly.
The azure jelly is severely wounded.
The azure jelly closely misses you. x2; The azure jelly completely misses you.
The azure jelly closely misses you.
You barely miss the azure jelly.
The azure jelly is severely wounded.
The azure jelly hits you.
* * * LOW HITPOINT WARNING * * *
The azure jelly freezes you! You resist.
You die...

#.......### ###########
###.......###########
#####...............##
....######...........####
......##########........##
.#......##########.......##
...#.............####.....#
._.........#J.....# ##....#
.#.....###.Y...####.....#
#.....####.....###......##
......# #.............###
....## ###.........### ###
###########


You could see an azure jelly.

Vanquished Creatures
  2 quicksilver oozes (IceCv)
  A hydra (Lair:1)
  A two-headed ogre (D:9)
  3 ice statues (IceCv)
  2 cane toads
  The ghost of Zing the Ducker, a novice DjGl of Makhleb (D:4)
  A komodo dragon (D:9)
  3 entropy weaver simulacra (IceCv)
  2 ice devils (Lair:2)
  A rime drake (Lair:1)
  A very ugly thing simulacrum (IceCv)
  A troll (D:9)
  7 slime creatures (IceCv)
  Sigmund (D:2)
  3 yaks (Lair:1)
  A steam dragon (D:8)
  3 vampire mosquitoes (D:9)
  2 demonic crawler simulacra (IceCv)
  13 water moccasins
  3 orc warriors
  A hornet zombie (D:7)
  3 black bears
  3 sky beasts
  3 ugly thing simulacra (IceCv)
  An ice beast (D:6)
  4 necrophages
  7 wolves
  3 centaurs
  4 ogres (D:5)
  A phantom (D:5)
  2 kobold brigands
  12 bullfrogs
  A gnoll sergeant (D:6)
  2 scorpions (D:9)
  2 glowing shapeshifter simulacra (IceCv)
  A wyvern skeleton (D:7)
  5 killer bees (D:9)
  8 wights (D:8)
  A howler monkey (D:6)
  A centaur skeleton (D:4)
  3 hounds
  A jelly (D:4)
  4 orc priests
  A gnoll shaman (D:8)
  5 iguanas
  10 orc wizards
  A scorpion zombie (D:5)
  A killer bee zombie (D:6)
  A hound zombie (D:5)
  3 howler monkey zombies
  A howler monkey skeleton (D:5)
  12 gnolls
  7 adders
  2 white imps
  5 ufetubi
  An adder skeleton (D:4)
  2 worms
  5 dart slugs
  19 orcs
  3 endoplasms
  3 giant cockroaches
  5 goblins
  8 hobgoblins
  9 jackals
  11 kobolds
  5 quokkas
  5 ball pythons
  10 bats
  3 frilled lizards
  6 rats
269 creatures vanquished.

Vanquished Creatures (others)
  38 fungi
  31 plants (D:9)
69 creatures vanquished.

Grand Total: 338 creatures vanquished

Notes
Turn   | Place    | Note
-------+----------+-------------------------------------------
     0 | D:1      | 2tc the Troll Transmuter began the quest for the Orb.
     0 | D:1      | Reached XP level 1. HP: 18/18 MP: 1/1
   187 | D:1      | Reached XP level 2. HP: 23/26 MP: 0/2
   192 | D:1      | Learned a level 2 spell: Wereblood
   231 | D:1      | Found Taserpha's Antique Armour Boutique.
   743 | D:1      | Reached XP level 3. HP: 32/32 MP: 3/3
   771 | D:2      | Noticed Sigmund
   788 | D:2      | Killed Sigmund
   789 | D:2      | Reached XP level 4. HP: 8/40 MP: 4/4
   789 | D:2      | Reached XP level 5. HP: 9/46 MP: 5/5
   831 | D:2      | Found a faded altar of an unknown god.
  2063 | D:3      | Reached XP level 6. HP: 54/54 MP: 4/6
  2262 | D:4      | Noticed a water moccasin
  2274 | D:3      | Killed a water moccasin
  2523 | D:4      | Found a runed translucent door.
  2523 | D:4      | Noticed Zing's ghost (novice DjGl)
  2571 | D:4      | Reached XP level 7. HP: 61/61 MP: 1/7
  2686 | D:4      | Found an iron altar of Okawaru.
  2692 | D:4      | Became a worshipper of Warmaster Okawaru
  2922 | D:4      | Found a shimmering blue altar of Sif Muna.
  2976 | D:4      | Killed Zing's ghost
  2977 | D:4      | Reached skill level 5 in Transmutations
  3008 | D:5      | Entered Level 5 of the Dungeon
  3025 | D:5      | Reached skill level 1 in Throwing
  3141 | D:5      | Reached XP level 8. HP: 60/68 MP: 8/8
  3179 | D:5      | Reached * piety under Okawaru
  3392 | D:5      | Reached skill level 5 in Throwing
  3462 | D:5      | You fall into a shaft and drop 2 floors!
  3511 | D:6      | Reached skill level 1 in Invocations
  3832 | D:5      | Got Sif Muna's Compendium of Gliding Transmutation
  3873 | D:5      | Reached ** piety under Okawaru
  3889 | D:5      | Reached XP level 9. HP: 51/75 MP: 8/11
  3935 | D:5      | Found Fiopoffe's Serpentskin Sales.
  3952 | D:5      | Reached skill level 5 in Invocations
  3965 | D:5      | Bought a +2 robe of poison resistance for 161 gold pieces
  4477 | D:6      | Reached *** piety under Okawaru
  4654 | D:6      | Found an ancient bone altar of Kikubaaqudgha.
  4802 | D:6      | Found a glowing golden altar of the Shining One.
  4802 | D:6      | Found a bloodstained altar of Trog.
  5041 | D:6      | Learned a level 4 spell: Ice Form
  5109 | D:7      | Found a staircase to the Ecumenical Temple.
  5120 | Temple   | Entered the Ecumenical Temple
  5483 | D:7      | Reached **** piety under Okawaru
  5484 | D:7      | Reached skill level 10 in Unarmed Combat
  5548 | D:7      | Noticed a +0 falchion
  5549 | D:7      | Noticed a +0 spear
  5549 | D:7      | Noticed a +0 falchion
  5550 | D:7      | Noticed a +0 dagger
  5550 | D:7      | Noticed a +0 spear
  5550 | D:7      | Noticed a +0 short sword
  5550 | D:7      | Noticed a +0 dagger
  5550 | D:7      | Noticed a +0 short sword
  5555 | D:7      | Reached XP level 10. HP: 77/83 MP: 10/12
  5575 | D:7      | Found a hide-covered altar of Uskayaw.
  5593 | D:7      | Reached skill level 1 in Ice Magic
  6754 | D:9      | Reached ***** piety under Okawaru
  6770 | D:9      | Found a staircase to the Lair.
  7148 | D:9      | Noticed a two-headed ogre
  7157 | D:9      | Killed a two-headed ogre
  7954 | D:10     | Entered Level 10 of the Dungeon
  8001 | D:10     | Noticed a gargoyle
  8074 | Lair:1   | Entered Level 1 of the Lair of Beasts
  8121 | Lair:1   | Reached XP level 11. HP: 84/89 MP: 13/13
  8238 | Lair:1   | Learned a level 6 spell: Statue Form
  8284 | Lair:1   | Noticed a four-headed hydra
  8297 | Lair:1   | Killed a four-headed hydra
  8298 | Lair:1   | Reached skill level 1 in Earth Magic
  9019 | Lair:2   | Identified the +5 battleaxe of Okawaru's Grace {drain,
                  | +Blink}
  9104 | Lair:2   | Found a frozen archway.
  9109 | Lair:2   | Received a gift from Okawaru
  9116 | Lair:2   | Reached skill level 5 in Earth Magic
  9126 | IceCv    | Entered an ice cave
  9186 | IceCv    | Noticed a quicksilver ooze
  9192 | IceCv    | Killed a quicksilver ooze
  9285 | IceCv    | Received a gift from Okawaru
  9289 | IceCv    | HP: 4/106 [entropy weaver simulacrum (5)]
  9676 | IceCv    | Reached ****** piety under Okawaru
  9722 | IceCv    | Reached XP level 12. HP: 97/97 MP: 11/15
  9777 | IceCv    | Noticed a quicksilver ooze
  9790 | IceCv    | Killed a quicksilver ooze
  9791 | IceCv    | Reached skill level 10 in Transmutations
 10038 | IceCv    | Found a viscous altar of Jiyva.
 10038 | IceCv    | Noticed an azure jelly
 10054 | IceCv    | Slain by an azure jelly

Illustrated notes

Levels and vault maps discovered:
D:1:      lightli_arrival_statue_moat, layout_basic, serial_shops, shop_coins,
          serial_forest, infiniplex_forest_straight_1,
          infiniplex_forest_zigzag_1, infiniplex_forest_end_2,
          infiniplex_forest_zigzag_2, infiniplex_forest_side_room,
          infiniplex_forest_diagonal, infiniplex_forest_pool,
          infiniplex_forest_lined_corner, serial_bayou_pond_e
D:2:      kennysheep_six_static_rooms, layout_basic,
          hellmonk_ecumenical_altar_run_dry, st_stairs_7, minmay_misc_feat_x,
          uniq_sigmund
D:3:      layout_loops_ring
D:4:      layout_cave_pools, lemuel_round_altar, led_sif_pool,
          hellmonk_ghost_happy_afterlife
D:5:      cheibrodos_barr_body, layout_basic, guppyfry_shop_venom
D:6:      layout_loops_corners, gammafunk_temple_overflow_forgotten
D:7:      layout_basic, nicolae_uskayaw_en_pointe,
          minmay_temple_entry_drinking_statues
D:8:      layout_basic
D:9:      layout_basic, due_lair_maze_entry_diamond, st_stairs_5
D:10:     layout_basic
Temple:   eino_temple_rhombus
Lair:1:   layout_chaotic_city, grunt_megastairs_5
Lair:2:   layout_long_grid, minmay_snake_entry_six_corridors,
          portal_ice_cave_demonic_guard, minmay_lair_oklob_items
IceCv:    ice_cave_hellmonk_azure_passage

Skill      XL: |  1  2  3  4  5  6  7  8  9 10 11 12 |
---------------+-------------------------------------+-----
Unarmed Combat | 4 6 10 | 10.3
Transmutations | 2 4 5 8 9 10 | 10.0
Dodging        | 3 |  3.1
Throwing       | 2 5 |  5.2
Invocations    | 4 5 |  5.0
Ice Magic      | 3 |  3.0
Spellcasting   | 3 |  3.0
Earth Magic    | 5 |  5.0
Fighting       | |  0.7

Action                   |  1- 3 |  4- 6 |  7- 9 | 10-12 || total
-------------------------+-------+-------+-------+-------++-------
Melee: Unarmed           |    68 |   114 |   319 |   376 ||   877
       Kick              |     4 |     9 |    45 |    23 ||    81
       Headbutt          |       |     5 |    29 |    10 ||    44
       Punch             |       |     4 |     8 |     8 ||    20
Throw: Stone             |       |       |     1 |     2 ||     3
 Cast: Beastly Appendage |     7 |    10 |    29 |    13 ||    59
       Wereblood         |       |     2 |     4 |     6 ||    12
       Ice Form          |       |       |       |    27 ||    27
Evoke: Wand              |       |       |       |    25 ||    25
  Use: Scroll            |     1 |     8 |     6 |     7 ||    22
       Potion            |     1 |       |     2 |     5 ||     8
Armor: Robe              |    29 |    25 |    78 |    39 ||   171
       Skin              |       |       |       |    54 ||    54
Dodge: Dodged            |    38 |    38 |   128 |   214 ||   418

Table legend: (Time is in decaauts)
 A = Elapsed time spent in this place.
 B = Non-inter-level travel time spent in this place.
 C = Inter-level travel time spent in this place.
 D = Time resting spent in this place.
 E = Time spent auto-exploring this place.
 F = Levels seen in this place.
 G = Mean time per level.
                   A        B        C        D        E       F      G
               +--------+--------+--------+--------+--------+-----+--------+
         Total |   9924 |   9544 |    380 |    403 |   7126 |  14 |  708.9 |
       Dungeon |   7977 |   7666 |    311 |    284 |   5906 |  10 |  797.7 |
        Temple |      1 |      1 |      0 |      0 |      0 |   1 |    1.0 |
          Lair |   1035 |    966 |     69 |     23 |    732 |   2 |  517.5 |
      Ice Cave |    908 |    908 |      0 |     96 |    488 |   1 |  908.0 |
               +--------+--------+--------+--------+--------+-----+--------+

Top non-repeatable levels by time:
     D:9: 1339 daAuts
     D:6: 1132 daAuts
  Lair:1: 909 daAuts
   IceCv: 908 daAuts
     D:5: 894 daAuts
     D:2: 827 daAuts
     D:7: 812 daAuts
     D:8: 804 daAuts
     D:1: 767 daAuts
     D:4: 711 daAuts
     D:3: 667 daAuts
  Lair:2: 126 daAuts
    D:10: 19 daAuts
  Temple: 1 daAuts
